 Dungeon Crawl Stone Soup version 0.18.1-1-g2f07953 (webtiles) character file.

487 Danakh the Chopper (level 6, -19/47 HPs)
             Began as a Demonspawn Gladiator on May 16, 2016.
             Was a Follower of Sif Muna.
             Demolished by an ogre
             ... wielding a +0 giant spiked club
              (24 damage)
             ... on level 4 of the Dungeon.
             The game lasted 00:07:03 (3765 turns).

Danakh the Chopper (Demonspawn Gladiator)           Turns: 3765, Time: 00:07:04

Health: -19/47     AC:  8    Str: 15    XL:     6   Next: 89%
Magic:  6/6        EV: 13    Int: 10    God:    Sif Muna [*.....]
Gold:   138        SH:  4    Dex: 15    Spells: 0 memorised, 5 levels left

rFire  + . .     SeeInvis .     a - +0 war axe
rCold  . . .     Gourm    .     b - +0 leather armour
rNeg   . . .     Faith    .     q - +0 buckler
rPois  .         Spirit   .     u - +0 helmet
rElec  .         Dismiss  .     p - +0 cloak
rCorr  .         Reflect  .     (no gloves)
SustAt .         Harm     .     (no boots)
MR     .....     Rnd*Tele +     (no amulet)
Stlth  ++........               (no ring)
                                r - ring of protection from fire

@: not resistant to hostile enchantments, unstealthy
A: hooves 2, thin metallic scales 2, nightstalker 1, teleportitis 1
a: Channel Energy, Renounce Religion


You were on level 4 of the Dungeon.
You worshipped Sif Muna.
Sif Muna was aware of your devotion.
You were not hungry.

You visited 1 branch of the dungeon, and saw 4 of its levels.

You collected 138 gold pieces.

Inventory:

Hand Weapons
 a - a +0 war axe (weapon)
Missiles
 d - 3 throwing nets (quivered)
Armour
 b - a +0 leather armour (worn)
 p - a +0 cloak (worn)
 q - a +0 buckler (worn)
 u - a +0 helmet (worn)
Jewellery
 o - an uncursed amulet of faith
 r - a ring of protection from fire (left hand)
Scrolls
 e - 3 scrolls of identify {unknown}
 g - 5 scrolls of remove curse {unknown}
 h - a scroll of enchant armour {unknown}
 i - a scroll of immolation {unknown}
 l - 3 scrolls of magic mapping {unknown}
 n - a scroll of random uselessness {unknown}
Potions
 m - a potion of flight {unknown}
 s - a potion of lignification {unknown}
Comestibles
 c - a chunk of flesh
 f - 3 bread rations
 j - a slice of pizza
 t - 3 beef jerkies


   Skills:
 + Level 3.6 Fighting
 * Level 4.7 Axes
 - Level 1.7 Throwing
 + Level 2.5 Armour
 + Level 3.6 Dodging
 + Level 1.9 Shields


You had 5 spell levels left.
You didn't know any spells.

Dungeon Overview and Level Annotations

Branches:
Dungeon (4/15)
 Temple: D:4-7

Altars:
Ashenzari
Elyvilon
Nemelex Xobeh
Sif Muna
Yredelemnul


Innate Abilities, Weirdness & Mutations

You have hoof-like feet.
You are mostly covered in thin metallic scales (AC +3).
You are slightly more attuned to the shadows.
You are occasionally teleported next to monsters.


Message History

An ogre comes into view. It is wielding a giant spiked club.
The ogre shouts!
You hit the ogre.
The ogre is lightly wounded.
The ogre misses you.
You hit the ogre but do no damage. You kick the ogre.
The ogre is lightly wounded.
You hit the ogre.
The ogre is lightly wounded.
The ogre closely misses you.
The ogre hits you with a giant spiked club!!
You hit the ogre.
The ogre is moderately wounded.
You hit the ogre.
The ogre is lightly wounded.
The ogre hits you with a giant club!!
* * * LOW HITPOINT WARNING * * *
The ogre hits you with a giant spiked club!!
Ouch! That really hurt!
You die...

* * ##..... #..##. ...
* # #..... .... .##
##..#. ...######..
##.#> ........### #...
#.....<'.. #.#####..
#.OO...###.#.......>
###!.@.......#########
...........## #.....#
####.......######.###.#
* #.......#...##.# #..
.........#.#.##.# ###
###.......#.#.##.#
#.......#.#.##.#
#.(.........##.#
#####'###.####.#


You could see 2 ogres.

Vanquished Creatures
  The ghost of edsrzf the Cleaver, a novice HOGl (D:4)
  Jessica (D:3)
  6 adders
  An ooze (D:3)
  A worm (D:2)
  3 dart slugs
  3 giant geckos
  3 orcs (D:3)
  A giant cockroach (D:1)
  8 goblins
  9 hobgoblins
  4 jackals (D:1)
  9 kobolds
  A quokka (D:3)
  2 ball pythons
  8 bats
  4 giant newts
  6 rats
71 creatures vanquished.

Notes
Turn   | Place    | Note
--------------------------------------------------------------
     0 | D:1      | Danakh the Demonspawn Gladiator began the quest for the Orb.
     0 | D:1      | Reached XP level 1. HP: 16/16 MP: 1/1
   693 | D:1      | Gained mutation: You have large cloven feet. [demonic ancestry]
   693 | D:1      | Reached XP level 2. HP: 16/22 MP: 2/2
   796 | D:1      | Reached skill level 3 in Axes
   814 | D:1      | Reached skill level 1 in Armour
   963 | D:1      | Gained mutation: You are partially covered in thin metallic scales (AC +2). [demonic ancestry]
   963 | D:1      | Reached XP level 3. HP: 17/28 MP: 3/3
  1456 | D:2      | Found a white marble altar of Elyvilon.
  2148 | D:2      | Gained mutation: You have hoof-like feet. [demonic ancestry]
  2148 | D:2      | Reached XP level 4. HP: 30/34 MP: 4/4
  2621 | D:3      | Found a faded altar to an unknown god.
  2628 | D:3      | Became a worshipper of Sif Muna the Loreminder
  2628 | D:3      | Reached * piety under Sif Muna
  2732 | D:3      | Noticed Jessica
  2739 | D:3      | Killed Jessica
  2862 | D:3      | Gained mutation: You are slightly more attuned to the shadows. [demonic ancestry]
  2862 | D:3      | Reached XP level 5. HP: 28/40 MP: 5/5
  3050 | D:3      | Noticed a sky beast
  3059 | D:3      | HP: 2/40 [something (5)]
  3620 | D:4      | Found a sparkling altar of Nemelex Xobeh.
  3621 | D:4      | Found a basalt altar of Yredelemnul.
  3621 | D:4      | Found a shattered altar of Ashenzari.
  3706 | D:4      | Noticed edsrzf's ghost (novice HOGl)
  3707 | D:4      | Gained mutation: You are occasionally teleported next to monsters. [potion of mutation]
  3707 | D:4      | Gained mutation: You passively map a small area around you. [potion of mutation]
  3707 | D:4      | Lost mutation: You passively map a small area around you. [potion of mutation]
  3718 | D:4      | Killed edsrzf's ghost
  3718 | D:4      | Reached skill level 4 in Axes
  3718 | D:4      | Reached skill level 1 in Shields
  3718 | D:4      | Gained mutation: You are mostly covered in thin metallic scales (AC +3). [demonic ancestry]
  3718 | D:4      | Reached XP level 6. HP: 47/47 MP: 6/6
  3765 | D:4      | Demolished by an ogre

Skill      XL: |  1  2  3  4  5 |
---------------+----------------+-----
Axes           | 3 4 |  4.7
Armour         | 1 2 |  2.5
Dodging        | 3 |  3.6
Fighting       | 3 |  3.6
Shields        | 1 |  1.9
Throwing       | |  1.7

Action                   |  1- 3 |  4- 6 || total
-------------------------+-------+-------++-------
Melee: War axe           |   122 |   101 ||   223
       Kick              |    16 |    24 ||    40
  Use: Potion            |       |     2 ||     2
 Stab: Sleeping          |       |     2 ||     2
  Eat: Chunk             |     3 |     7 ||    10
Armor: Leather armour    |    54 |    32 ||    86
Dodge: Dodged            |   139 |    55 ||   194
Block: Buckler           |       |    13 ||    13
